 Dungeon Crawl Stone Soup version 0.27.1-3-gb3d3a73c9e (webtiles) character file.

Game seed: 1531418278963985853

715 khargal the Poker (level 7, -9/60 HPs)
             Began as a Red Draconian Monk on Oct 19, 2021.
             Mangled by Prince Ribbit (15 damage)
             ... on level 4 of the Dungeon.
             The game lasted 00:10:09 (4379 turns).

khargal the Poker (Red Draconian Monk)              Turns: 4379, Time: 00:10:10

Health: -9/60      AC:  7    Str: 18    XL:     7   Next: 41%
Magic:  7/7        EV: 13    Int: 11    God:
Gold:   135        SH:  0    Dex: 13    Spells: 6/6 levels left

rFire    + . .     SeeInvis .   h - +1 halberd
rCold    . . .     Faith    +   (shield currently unavailable)
rNeg     . . .     Spirit   .   (armour unavailable)
rPois    +         Reflect  .   (helmet restricted)
rElec    .         Harm     .   (no cloak)
rCorr    .         Rampage  .   q - +0 pair of gloves
Will     .....                  (no boots)
Stlth    +++.......             c - amulet "Kethrauhu" {Faith rPois Str+3 Slay+2}
HPRegen  0.20/turn              (no ring)
MPRegen  0.10/turn              (no ring)

@: short of breath
A: breathe fire, AC +6, unfitting armour, fire resistance 1, cold-blooded
a: Breathe Fire


You were on level 4 of the Dungeon.
You visited 1 branch of the dungeon, and saw 6 of its levels.

You collected 268 gold pieces.
You spent 133 gold pieces at shops.

Inventory:

Hand Weapons
 a - a +0 spear
 h - a +1 halberd (weapon)
Missiles
 b - 2 javelins (quivered)
Armour
 q - a +0 pair of gloves (worn)
Magical Staves
 d - a staff of cold
Jewellery
 c - the amulet "Kethrauhu" (around neck) {Faith rPois Str+3 Slay+2}
   (You acquired it on level 3 of the Dungeon)

   [amulet of faith]

   It allows you to gain divine favour quickly.
   Str:       It affects your strength (+3).
   Slay:      It affects your accuracy & damage with ranged weapons and melee
   (+2).
   rPois:     It protects you from poison.
 m - a ring of willpower
Wands
 e - a wand of paralysis (11)
Scrolls
 k - 2 scrolls of enchant weapon
 o - a scroll of identify
Potions
 f - a potion of cancellation
 i - 2 potions of curing
 l - a potion of haste {unknown}
 n - a potion of attraction {unknown}
 p - a potion of flight {unknown}


   Skills:
 + Level 4.8 Fighting
 + Level 6.4 Polearms
 + Level 3.7 Dodging
 + Level 4.1 Stealth


You had 6 spell levels left.
You didn't know any spells.
Your spell library contained the following spells:

 Spells                   Type           Power      Damage    Failure   Level
 Apportation              Tloc           0%         N/A       34%         1
 Freeze                   Ice            0%         1d3       34%         1
 Sting                    Tmut/Pois      0%         1d3       34%         1


Dungeon Overview and Level Annotations

Branches:
Dungeon (6/15)
 Temple: D:4-7

Altars:
Cheibriados
Gozag
Uskayaw

Shops:
D:3 *

Annotations:
D:4 Prince Ribbit


Innate Abilities, Weirdness & Mutations

You can breathe blasts of fire.
Your fiery red scales are hard. (AC +6)
You cannot fit into any form of body armour.
Your flesh is heat resistant. (rF+)
You are cold-blooded and may be slowed by cold attacks.


Message History

Press: ? - help, Shift-Dir - straight line, f/p - Prince Ribbit
Aim: Prince Ribbit (moderately wounded)
You breathe a blast of fire.
The fiery breath misses Prince Ribbit.
Prince Ribbit hits you.
* * * LOW HITPOINT WARNING * * *
You are confused.
You feel invigorated. Prince Ribbit barely misses you. x2
Prince Ribbit blinks!
You're too confused to move!
Prince Ribbit blinks!
You feel less invigorated.
You feel less confused.
Okay, then.
You are too injured to fight recklessly!
You are too injured to fight recklessly!
Prince Ribbit blinks!
Prince Ribbit hops awkwardly around.
You feel a little less clever now.
You can't do that yet.
Prince Ribbit hits you but does no damage.
You hit Prince Ribbit.
Prince Ribbit is moderately wounded.
Prince Ribbit hits you!
* * * LOW HITPOINT WARNING * * *
Prince Ribbit closely misses you.
You hit Prince Ribbit.
Prince Ribbit is moderately wounded.
Prince Ribbit hits you!
* * * LOW HITPOINT WARNING * * *
You hit Prince Ribbit. You tail-slap Prince Ribbit.
Prince Ribbit is severely wounded.
Prince Ribbit blinks!
Prince Ribbit blinks!
You have got your breath back.
Press: ? - help, Shift-Dir - straight line, f/p - Prince Ribbit
Aim: Prince Ribbit (severely wounded)
You breathe a blast of fire.
The fiery breath misses Prince Ribbit.
Prince Ribbit blinks!
Prince Ribbit blinks!
Prince Ribbit hits you!
You die...

##.....###..##≈≈.
####..##........####
##..#..###.......###.
#......#...........#.
###..................
#...........##.#.#.
#§.........<.#..###
####..F.......###..#
#....@........###..###
#.......#..........#.#
##......#.......<.....
#..#.................
####.................
##...............#
###.............#
#...........(#..
#......#....##..


You could see Prince Ribbit.

Vanquished Creatures
  An ogre (D:5)
  A black bear (D:4)
  A sky beast (D:5)
  2 scorpions
  A water moccasin skeleton (D:4)
  The ghost of PeterMcNeter the Insei, a weakling OpTm (D:3)
  A hound (D:4)
  An iron imp (D:3)
  A hound skeleton (D:4)
  3 gnolls (D:3)
  5 adders
  2 worms
  A dart slug (D:2)
  8 orcs
  4 ball pythons
  9 endoplasms
  5 giant cockroaches
  10 goblins
  8 hobgoblins
  7 quokkas
  2 bats (D:3)
  5 frilled lizards
  4 kobolds
  4 rats
87 creatures vanquished.

Vanquished Creatures (others)
  4 toadstools (D:1)
4 creatures vanquished.

Grand Total: 91 creatures vanquished

Notes
Turn   | Place    | Note
-------+----------+-------------------------------------------
     0 | D:1      | khargal the Draconian Monk began the quest for the Orb.
     0 | D:1      | Reached XP level 1. HP: 19/19 MP: 1/1
   145 | D:1      | Reached XP level 2. HP: 16/26 MP: 2/2
   876 | D:2      | Found a hide-covered altar of Uskayaw.
   979 | D:2      | Reached XP level 3. HP: 26/31 MP: 3/3
  1756 | D:3      | Found a snail-covered altar of Cheibriados.
  1762 | D:3      | Reached skill level 4 in Polearms
  1762 | D:3      | Reached XP level 4. HP: 40/40 MP: 4/4
  2295 | D:3      | Found a large runed translucent door.
  2296 | D:3      | Found a large runed translucent door.
  2352 | D:3      | Found an opulent altar of Gozag.
  2358 | D:3      | Found Tukytis's General Store.
  2393 | D:3      | Bought a scroll of enchant weapon for 105 gold pieces
  2393 | D:3      | Bought a scroll of identify for 28 gold pieces
  2396 | D:3      | Identified a scroll of acquirement
  2396 | D:3      | Acquired the amulet "Kethrauhu" {Faith rPois Str+3 Slay+2}
  2574 | D:3      | Noticed PeterMcNeter's ghost (weakling OpTm)
  2776 | D:3      | Killed PeterMcNeter's ghost
  2777 | D:3      | Reached XP level 5. HP: 37/46 MP: 5/5
  3071 | D:4      | Reached skill level 5 in Polearms
  3076 | D:4      | Reached XP level 6. HP: 52/52 MP: 6/6
  3166 | D:4      | You fall into a shaft and drop 2 floors!
  3166 | D:6      | Found a hide-covered altar of Uskayaw.
  3177 | D:5      | Entered Level 5 of the Dungeon
  3181 | D:5      | Noticed a sky beast
  3206 | D:5      | Killed a sky beast
  3334 | D:5      | Got Spellweaving for Dummies
  3367 | D:5      | Your scales start taking on a fiery red colour.
  3367 | D:5      | Reached XP level 7. HP: 60/60 MP: 7/7
  3367 | D:5      | Gained mutation: Your flesh is heat resistant. (rF+) [Red
                  | Draconian growth]
  3386 | D:5      | Noticed Prince Ribbit
  3739 | D:4      | Reached skill level 6 in Polearms
  4323 | D:4      | HP: 2/60 [Prince Ribbit (9)]
  4352 | D:4      | HP: 2/60 [Prince Ribbit (5)]
  4365 | D:4      | HP: 3/60 [Prince Ribbit (12)]
  4379 | D:4      | Mangled by Prince Ribbit

Illustrated notes

Levels and vault maps discovered:
D:1:      dpeg_arrival_windows_large_door, layout_rooms,
          minmay_gold_behind_fungi
D:2:      layout_loops_ring, basic_altar, glass_columns_b
D:3:      layout_basic, nicolae_overflow_hidden_temple, slow_altar_1,
          serial_shops, shop, ebering_ghost_disaster_area
D:4:      layout_cave_pools, gup_sewer_entry_spiral, serial_column_ruins,
          column_ruins_open_tiny, column_ruins_open_medium,
          column_ruins_open_tiny, column_ruins_columns_straight,
          column_ruins_open_small, column_ruins_grid_1
D:5:      layout_rooms, minmay_temple_entry_nine_rooms, chequers_jeans,
          uniq_edmund, uniq_prince_ribbit1
D:6:      layout_gridville, nicolae_uskayaw_dance_hall, zin_treasury,
          uniq_eustachio

Skill      XL: |  1  2  3  4  5  6  7 |
---------------+----------------------+-----
Dodging        | 3 |  3.7
Stealth        | 2 3 4 |  4.1
Polearms       | 4 5 6 |  6.4
Fighting       | 4 |  4.8

Action                   |  1- 3 |  4- 6 |  7- 9 || total
-------------------------+-------+-------+-------++-------
Melee: Spear             |   129 |       |       ||   129
       Tailslap          |    12 |     9 |     9 ||    30
       Halberd           |     8 |    89 |    61 ||   158
 Abil: Breathe Fire      |       |       |     6 ||     6
  Use: Scroll            |       |     7 |       ||     7
       Potion            |       |       |     2 ||     2
 Stab: Sleeping          |    10 |     5 |     4 ||    19
Armor: Skin              |    37 |    22 |    32 ||    91
Dodge: Dodged            |    72 |    43 |    64 ||   179
